 Dungeon Crawl Stone Soup version 0.23-a0-143-g1adec7bb76 (webtiles) character file.

51285 Jesh the Unseen (level 14, -6/70 HPs)
             Began as a Spriggan Enchanter on Sept 2, 2018.
             Was an Elder of Dithmenos.
             Killed from afar by a vault guard (11 damage)
             ... with an exploding inner flame
             ... hexed by the player character
             ... on level 13 of the Dungeon.
             The game lasted 00:58:50 (23307 turns).

Jesh the Unseen (Spriggan Enchanter)               Turns: 23307, Time: 00:58:51

Health: -6/70      AC:  5    Str: 12    XL:     14   Next: 22%
Magic:  20/32      EV: 27    Int: 25    God:    Dithmenos [****..]
Gold:   78         SH:  0    Dex: 16    Spells: 22/34 levels left

rFire    . . .     SeeInvis +   r - +7 rapier (speed)
rCold    + . .     Gourm    .   (shield restricted)
rNeg     . . .     Faith    .   w - +2 robe {rC+}
rPois    .         Spirit   .   (helmet restricted)
rElec    .         Reflect  .   D - +0 cloak {+Inv}
rCorr    .         Harm     .   (gloves unavailable)
MR       ++...     Rnd*Rage +   (boots unavailable)
Stlth    ++++++++++             v - amulet of rage
HPRegen  0.21/turn              l - +6 ring of intelligence
MPRegen  0.23/turn              y - +5 ring of strength

@: about to teleport, wreathed by umbra, very quick
A: very small, unfitting armour, see invisible, berserk 1, herbivore, speed 3,
high mp 1, slow metabolism 2
a: Shadow Step, Renounce Religion, Evoke Berserk Rage, Evoke Invisibility


You were on level 13 of the Dungeon.
You worshipped Dithmenos.
Dithmenos was greatly pleased with you.
You were not hungry.

You visited 2 branches of the dungeon, and saw 14 of its levels.
You also visited: Sewer, Bailey and Ice Cave.

You collected 940 gold pieces.
You spent 862 gold pieces at shops.

Inventory:

Hand Weapons
 b - a +0 rapier of holy wrath
 r - a +7 rapier of speed (weapon)
Missiles
 M - a throwing net (quivered)
Armour
 g - a +1 cloak
 w - a +2 robe of cold resistance (worn)
 D - a +0 cloak of invisibility (worn)
Jewellery
 c - an uncursed ring of fire
 j - an uncursed ring of wizardry
 l - a +6 ring of intelligence (left hand)
 v - an amulet of rage (around neck)
 y - a +5 ring of strength (right hand)
 E - the ring "Rirarphess" {rPois rC+}
   (You found it on level 9 of the Dungeon)

   [ring of poison resistance]

   It protects you from cold.
   It protects you from poison.
Wands
 x - a wand of enslavement (22)
 z - a wand of iceblast (6)
 C - a wand of flame (22)
 I - a wand of clouds (3)
 N - a wand of paralysis (8)
Scrolls
 e - 4 scrolls of teleportation
 m - 2 scrolls of fear
 s - 3 scrolls of remove curse
 u - a scroll of amnesia
 G - a scroll of brand weapon
 H - a scroll of immolation
 O - a scroll of magic mapping
Potions
 i - 6 potions of curing
 k - 5 potions of heal wounds
 n - 4 potions of brilliance
 o - 2 potions of flight
 A - 2 potions of magic
 B - 2 potions of cancellation
 F - a potion of lignification
 L - a potion of resistance
Miscellaneous
 J - a lightning rod (3/4)
Comestibles
 d - 14 rations


   Skills:
 + Level 6.7 Fighting
 + Level 9.1 Short Blades
 + Level 11.7 Dodging
 + Level 18.9 Stealth
 + Level 10.9 Spellcasting
 + Level 11.2 Hexes
 + Level 9.9 Evocations


You had 22 spell levels left.
You knew the following spells:

 Your Spells              Type           Power        Failure   Level  Hunger
a - Ensorcelled Hibernat  Hex/Ice        #####.       1%          2    None
b - Corona                Hex            ######.      1%          1    None
c - Confuse               Hex            ######..     1%          3    None
d - Tukima's Dance        Hex            ######..     1%          3    None
e - Dazzling Spray        Conj/Hex       #####.       1%          3    None

Your spell library contained the following spells:

 Spells                   Type           Power        Failure   Level  Hunger
 Confusing Touch          Hex            ######       1%          1    None
 Animate Skeleton         Necr           N/A          4%          1    None
 Apportation              Tloc           ##....       4%          1    None
 Summon Small Mammal      Summ           ##..         4%          1    None
 Blink                    Tloc           N/A          7%          2    None
 Shroud of Golubria       Chrm/Tloc      ##........   7%          2    None
 Gell's Gravitas          Tloc           ##........   14%         3    None
 Lesser Beckoning         Tloc           ##........   14%         3    None
 Teleport Other           Tloc           ##......     14%         3    None
 Passage of Golubria      Tloc           N/A          41%         4    None
 Bolt of Magma            Conj/Fire/Erth ##........   77%         5    ####...
 Iskenderun's Battlesphe  Conj/Chrm      ##......     77%         5    ####...
 Venom Bolt               Conj/Pois      ##........   77%         5    ####...
 Iron Shot                Conj/Erth      ##........   100%        6    #####..
 Orb of Destruction       Conj           ##........   100%        7    #######
 Spellforged Servitor     Conj/Summ      ##........   100%        7    #######


Dungeon Overview and Level Annotations

Branches:
Dungeon (13/15)            Temple (1/1) D:7            Lair (0/6) D:8
    Orc (0/2) D:11         Vaults (0/5) D:13

Altars:
Ashenzari
Cheibriados
Dithmenos
Elyvilon
Fedhas
Gozag
Hepliaklqana
Kikubaaqudgha
Makhleb
Nemelex Xobeh
Okawaru
Qazlal
Ru
Sif Muna
Trog
Uskayaw
Vehumet
Wu Jian
Xom
Yredelemnul
Zin
The Shining One

Shops:
D:4 !   D:5 :*   D:6 *   D:9 ?


Innate Abilities, Weirdness & Mutations

You are very small and have problems with some larger weapons.
You are too small for most types of armour.
You have supernaturally acute eyesight. (SInv)
You are a herbivore.
You cover ground extremely quickly.
You need to consume almost no food.
You tend to lose your temper in combat.
You have an increased reservoir of magic. (+10% MP)


Message History

The vault guard hits you with an enchanted great mace!
Unknown command.
You hit the vault guard.
The vault guard is severely wounded.
The vault guard misses you.
You hit the vault guard but do no damage.
The vault guard is severely wounded.
The vault guard is engulfed in negative energy.
The vault guard is drained!
The vault guard hits you with a dire flail.
The vault guard is engulfed in negative energy.
The vault guard is drained!
The vault guard explodes!
The fiery explosion engulfs you!
* * * LOW HITPOINT WARNING * * *
You emit a cloud of dark smoke.
The fiery explosion engulfs the vault guard.
The vault guard explodes!
The fiery explosion engulfs you!
You die...

.W.. ....... ##y## .......
##.Zu## ##......
##..Ru%####.....# .
..##......)##..5..[#..
......(.%..p...........
#.##########...........
#####........ #####
#@p5§........
.....####§§§###'####.
#.......§§§### ⌠.⌠.#
##.........##.##....#
#..........8...#._..#
#..............#....#
........)..."=.#....#...##
...........8...#._..#....##
...........##.##....#.....#


You could see a vault guard and a shadow imp.

Vanquished Creatures
  A storm dragon (D:10)
  A tengu reaver (D:13)
  Fannar (D:12)
  A hydra (D:11)
  The ghost of P0WERM0DE the Cleaver, a novice DDFi of Makhleb (D:10)
  A death knight (D:13)
  3 centaur warriors (D:13)
  A tengu warrior (D:11)
  8 two-headed ogres
  Urug (D:12)
  An unseen horror (D:12)
  A flayed ghost (D:13)
  An ugly thing (D:9)
  2 orc knights
  A deep elf mage (D:12)
  A cyclops (D:12)
  3 manticores
  A centaur zombie (D:11)
  3 gargoyles
  An efreet (D:8)
  A komodo dragon (D:10)
  4 trolls
  2 hornets
  A wolf spider simulacrum (D:12)
  2 hippogriffs (D:11)
  4 slime creatures (D:12)
  7 spriggans
  A vampire (D:10)
  5 yaks
  A fire bat (D:9)
  3 wyverns
  A fire elemental (D:9)
  2 hungry ghosts
  A warg (D:11)
  A porcupine (D:8)
  A water moccasin (D:12)
  A hell hound (D:9)
  2 necrophages
  A sky beast (D:10)
  2 black bears
  An eye of draining (D:11)
  7 ogres
  17 orc warriors
  2 phantoms
  A crocodile (D:12)
  12 centaurs
  2 big kobolds
  8 bullfrogs
  2 wyvern zombies
  7 scorpions
  A wyvern skeleton (D:11)
  7 howler monkeys
  3 wights (D:6)
  5 crimson imps
  A bullfrog zombie (D:12)
  A quasit (D:10)
  3 hounds
  A gnoll shaman (D:10)
  11 orc priests
  4 jellies
  A bullfrog skeleton (D:7)
  5 centaur skeletons
  5 iguanas
  11 orc wizards
  12 worker ants
  2 killer bee zombies (D:7)
  A hound zombie (D:11)
  21 gnolls
  13 adders
  6 river rats
  2 shadow imps
  An ufetubus (IceCv)
  3 oozes
  A worm (D:2)
  2 dart slugs
  10 leopard geckos
  75 orcs
  7 giant cockroaches
  9 goblins
  8 hobgoblins
  10 jackals
  3 quokkas
  13 ball pythons
  12 bats
  2 frilled lizards (D:2)
  28 kobolds
  A quokka skeleton (D:6)
  33 rats
470 creatures vanquished.

Vanquished Creatures (collateral kills)
  Terence (D:3)
  3 gnolls
4 creatures vanquished.

Vanquished Creatures (others)
  A dancing weapon (D:4)
  An orc wizard (D:7)
  A white imp (IceCv)
  An ufetubus (IceCv)
  6 fungi (D:8)
  2 plants (D:8)
12 creatures vanquished.

Grand Total: 486 creatures vanquished

Notes
Turn   | Place    | Note
-------+----------+-------------------------------------------
     0 | D:1      | Jesh the Spriggan Enchanter began the quest for the Orb.
     0 | D:1      | Reached XP level 1. HP: 9/9 MP: 5/5
   684 | D:1      | Reached XP level 2. HP: 13/13 MP: 7/7
   688 | D:1      | Learned a level 2 spell: Ensorcelled Hibernation
  1859 | D:2      | Reached XP level 3. HP: 16/16 MP: 1/9
  2244 | D:2      | Learned a level 3 spell: Confuse
  2248 | D:2      | Learned a level 3 spell: Tukima's Dance
  2563 | D:3      | Noticed Terence
  2577 | D:3      | Killed Terence
  2821 | D:3      | Reached skill level 5 in Hexes
  2821 | D:3      | Reached XP level 4. HP: 21/21 MP: 11/11
  2882 | D:3      | Found a glowing drain.
  2895 | Sewer    | Entered a sewer
  3407 | Sewer    | Reached XP level 5. HP: 20/24 MP: 4/13
  3491 | Sewer    | Reached skill level 5 in Stealth
  3773 | Sewer    | Learned a level 3 spell: Dazzling Spray
  3937 | Sewer    | Reached skill level 6 in Stealth
  4284 | D:3      | Reached skill level 7 in Stealth
  4284 | D:3      | Reached XP level 6. HP: 28/28 MP: 5/14
  4661 | D:3      | Reached skill level 8 in Stealth
  5036 | D:3      | Found an ornate altar of the Wu Jian Council.
  5438 | D:4      | Found Rusko's Distillery.
  5446 | D:4      | Bought a potion of degeneration for 10 gold pieces
  5447 | D:4      | Bought a potion of invisibility for 80 gold pieces
  5501 | D:4      | Reached skill level 9 in Stealth
  5514 | D:4      | Got a polished scimitar {flame}
  5726 | D:4      | Reached XP level 7. HP: 32/32 MP: 5/15
  5973 | D:4      | Identified the +5 scimitar "Vofru" {flame, SInv} (You took
                  | it off an orc on level 4 of the Dungeon)
  6007 | D:4      | Reached skill level 10 in Stealth
  6406 | D:5      | Entered Level 5 of the Dungeon
  6412 | D:5      | Reached skill level 11 in Stealth
  6666 | D:5      | Reached skill level 12 in Stealth
  6691 | D:5      | Found a white marble altar of Elyvilon.
  6819 | D:5      | Found Uzeiler's Book Shop.
  7118 | D:5      | Reached XP level 8. HP: 13/36 MP: 9/16
  7816 | D:5      | Found Uwnewkusm's General Store.
  7821 | D:5      | Reached skill level 13 in Stealth
  8907 | D:6      | Reached skill level 14 in Stealth
  9187 | D:6      | Found Muilila's General Store.
  9549 | D:6      | Reached skill level 15 in Stealth
 10528 | D:7      | Reached skill level 5 in Spellcasting
 10540 | D:7      | Reached XP level 9. HP: 28/40 MP: 10/17
 10772 | D:7      | Reached skill level 1 in Fighting
 10934 | D:7      | Found a stormy altar of Qazlal.
 12093 | D:7      | Found a staircase to the Ecumenical Temple.
 12118 | Temple   | Entered the Ecumenical Temple
 12248 | Temple   | Became a worshipper of Dithmenos the Shadowed
 12606 | D:8      | Noticed a two-headed ogre
 12610 | D:8      | Killed a two-headed ogre
 12610 | D:8      | Reached skill level 5 in Dodging
 12610 | D:8      | Reached skill level 16 in Stealth
 12625 | D:8      | Noticed a two-headed ogre
 12650 | D:8      | Killed a two-headed ogre
 12650 | D:8      | Reached XP level 10. HP: 47/47 MP: 10/21
 13202 | D:8      | Gained mutation: You tend to lose your temper in combat.
                  | [potion of mutation]
 13202 | D:8      | Gained mutation: You have an increased reservoir of magic.
                  | (+10% MP) [potion of mutation]
 13569 | D:8      | Found a staircase to the Lair.
 13898 | D:9      | Reached * piety under Dithmenos
 13903 | D:9      | Found Dokiu's Magic Scroll Boutique.
 13904 | D:9      | Found a hide-covered altar of Uskayaw.
 13905 | D:9      | Noticed a dagger
 13905 | D:9      | Noticed a dagger
 13907 | D:9      | Got a twitching amber ring
 13921 | D:9      | Noticed a two-headed ogre
 14073 | D:9      | Killed a two-headed ogre
 14073 | D:9      | Reached skill level 5 in Short Blades
 14075 | D:9      | Identified the ring "Rirarphess" {rPois rC+} (You found it
                  | on level 9 of the Dungeon)
 14187 | D:9      | Bought a scroll of brand weapon for 260 gold pieces
 14187 | D:9      | Bought a scroll of identify for 26 gold pieces
 14219 | D:9      | Found a transporter.
 14330 | D:9      | Found a transporter.
 14343 | D:9      | Noticed a cyan ugly thing
 14360 | D:9      | Killed a cyan ugly thing
 14525 | D:9      | Found a hazy altar of Hepliaklqana.
 14630 | D:9      | Found a basalt altar of Yredelemnul.
 14650 | D:9      | Noticed a two-headed ogre
 14658 | D:9      | Killed a two-headed ogre
 14658 | D:9      | Reached skill level 17 in Stealth
 14658 | D:9      | Reached XP level 11. HP: 53/53 MP: 24/26
 14869 | D:10     | Entered Level 10 of the Dungeon
 14972 | D:10     | Found a runed gate.
 14973 | D:10     | Found a runed gate.
 14973 | D:10     | Found an opulent altar of Gozag.
 14974 | D:10     | Found a runed gate.
 14980 | D:10     | Noticed P0WERM0DE's ghost (novice DDFi)
 14982 | D:10     | Noticed a storm dragon
 15194 | D:10     | Killed P0WERM0DE's ghost
 16115 | D:11     | Found a frozen archway.
 16153 | D:11     | Reached ** piety under Dithmenos
 16168 | IceCv    | Entered an ice cave
 16928 | D:11     | Noticed a tengu warrior
 16941 | D:11     | Killed a tengu warrior
 17110 | D:11     | Found a staircase to the Orcish Mines.
 17529 | D:11     | Noticed a two-headed ogre
 17535 | D:11     | Killed a two-headed ogre
 17535 | D:11     | Reached skill level 5 in Fighting
 17611 | D:11     | Noticed a four-headed hydra
 17619 | D:11     | Killed a four-headed hydra
 17619 | D:11     | Reached *** piety under Dithmenos
 17717 | D:11     | Noticed a two-headed ogre
 17726 | D:11     | Killed a two-headed ogre
 17726 | D:11     | Reached XP level 12. HP: 60/60 MP: 23/28
 18328 | D:10     | Killed a storm dragon
 18328 | D:10     | Reached skill level 10 in Dodging
 18328 | D:10     | Reached skill level 18 in Stealth
 18334 | D:10     | Reached skill level 10 in Hexes
 18395 | D:12     | Noticed Fannar
 18601 | D:12     | Found a flagged portal.
 18608 | Bailey   | Entered a bailey
 19653 | Bailey   | Found a roughly hewn altar of Beogh.
 20031 | D:5      | Bought 3 scrolls of enchant weapon for 292 gold pieces
 20031 | D:5      | Bought a scroll of enchant weapon for 97 gold pieces
 20453 | D:9      | Reached skill level 10 in Spellcasting
 20679 | D:12     | Noticed a two-headed ogre
 20690 | D:12     | Killed a two-headed ogre
 20690 | D:12     | Reached skill level 1 in Evocations
 21073 | D:12     | Noticed Urug
 21088 | D:12     | Killed Urug
 21192 | D:9      | Bought a scroll of enchant weapon for 97 gold pieces
 21289 | D:12     | Killed Fannar
 21600 | D:12     | Reached **** piety under Dithmenos
 21685 | D:12     | Reached XP level 13. HP: 50/65 MP: 31/31
 22594 | D:12     | Reached XP level 14. HP: 70/70 MP: 18/32
 22905 | D:13     | Noticed a tengu reaver
 22912 | D:13     | Killed a tengu reaver
 23208 | D:13     | Found a stormy altar of Qazlal.
 23210 | D:13     | Found an ornate altar of the Wu Jian Council.
 23275 | D:13     | Found a gate to the Vaults.
 23307 | D:13     | Killed from afar by a vault guard

Vault maps used:
D:1:      scummos_arrival_hexagon, serial_bayou_pond_d
D:2:      minmay_randomly_rotated_circles
D:3:      lemuel_doored_altar, first_ration, portal_sewer_entry_e, uniq_terence
D:4:      serial_shops, nicolae_shop_statue_plus, minmay_cut_off
D:5:      lemuel_round_altar, serial_shops, shop, nicolae_shop_trees,
          kennysheep_generic_room_16
D:6:      serial_shops, shop, serial_bayou_pond_e
D:7:      nicolae_qazlal_eye_of_the_storm, minmay_temple_entry_enclosed_plants,
          the_bakery
D:8:      minmay_cornered_nines, grunt_lair_entry_orc_guard_hut,
          nicolae_two_hexagons
D:9:      gammafunk_cloud_chamber, dancing_weapons_uskayaw,
          yredelemnul_altar_generic, kennysheep_mini_moat, serial_shops, shop
D:10:     ebering_ghost_gozag
D:11:     erik_orc_3, portal_ice_cave_entry_pillars_1
D:12:     kb_forest_paths, enter_bailey_7, uniq_urug, uniq_fannar
D:13:     lightli_vaults_fourway_checkpoint, jmf_multi_god_temple
Temple:   nicolae_temple_elliptical
Sewer:    sewer_minmay_treatment
Bailey:   bailey_polearm_2, bailey
IceCv:    ice_cave_small_demon

Skill      XL: |  1  2  3  4  5  6  7  8  9 10 11 12 13 14 |
---------------+-------------------------------------------+-----
Spellcasting   | 3 4 5 6 7 9 10 | 10.9
Hexes          | 4 5 7 8 9 10 11 | 11.2
Stealth        | 7 9 12 15 16 17 18 | 18.9
Fighting       | 2 4 5 6 |  6.7
Short Blades   | 4 5 7 8 9 |  9.1
Dodging        | 6 7 9 11 | 11.7
Evocations     | 9 |  9.9

Action                   |  1- 3 |  4- 6 |  7- 9 | 10-12 | 13-15 || total
-------------------------+-------+-------+-------+-------+-------++-------
Melee: Dagger            |   142 |   231 |   243 |   335 |       ||   951
       Rapier            |     5 |       |       |   137 |    99 ||   241
 Cast: Corona            |     8 |       |       |       |       ||     8
       Ensorcelled Hiber |    22 |    76 |    90 |   100 |    18 ||   306
       Tukima's Dance    |     2 |       |     3 |     2 |       ||     7
       Dazzling Spray    |       |     1 |    10 |    19 |     4 ||    34
       Confuse           |       |     2 |    14 |    63 |    12 ||    91
Invok: Shadow Step       |       |       |       |     1 |       ||     1
 Abil: Evoke Invisibilit |       |       |       |       |     2 ||     2
Evoke: Wand              |       |     5 |     6 |       |     3 ||    14
       Lightning rod     |       |       |       |       |     1 ||     1
  Use: Scroll            |     6 |     6 |     8 |    14 |     3 ||    37
       Potion            |       |     1 |     2 |     5 |     1 ||     9
 Stab: Sleeping          |    21 |    41 |    54 |   102 |     8 ||   226
       Distracted        |     1 |       |       |     2 |     1 ||     4
       Invisible         |       |     5 |     5 |     7 |     6 ||    23
       Confused          |       |       |    11 |    27 |     6 ||    44
  Eat: Ration            |     1 |     2 |     5 |     4 |     2 ||    14
Armor: Robe              |    36 |    28 |    15 |    21 |     3 ||   103
Dodge: Dodged            |   165 |   229 |   187 |   412 |    75 ||  1068

Table legend:
 A = Non-vault XP
 B = Vault XP
 C = Vault XP percentage of total XP
 D = Non-vault monster count
 E = Vault monster count
 F = Vault count percentage of total count
                 A         B        C        D         E       F
            +---------+---------+-------+---------+---------+-------
      Total |   28880 |   19289 |  40.0 |     327 |     148 |  31.2
            +---------+---------+-------+---------+---------+-------
        D:1 |      25 |       0 |   0.0 |      14 |       0 |   0.0
        D:2 |      33 |      12 |  26.7 |      22 |       6 |  21.4
        D:3 |     225 |      44 |  16.4 |      37 |       9 |  19.6
        D:4 |     290 |     136 |  31.9 |      23 |       3 |  11.5
        D:5 |     664 |       0 |   0.0 |      21 |       0 |   0.0
        D:6 |     922 |       0 |   0.0 |      27 |       0 |   0.0
        D:7 |    1364 |     224 |  14.1 |      43 |       1 |   2.3
        D:8 |    2129 |    1306 |  38.0 |      10 |       8 |  44.4
        D:9 |    3573 |     532 |  13.0 |      26 |       3 |  10.3
       D:10 |    1880 |    3607 |  65.7 |      19 |       4 |  17.4
       D:11 |    7607 |     520 |   6.4 |      38 |      13 |  25.5
       D:12 |    7806 |    5315 |  40.5 |      38 |      21 |  35.6
       D:13 |    2362 |    5517 |  70.0 |       9 |       5 |  35.7
      Sewer |       0 |     217 | 100.0 |       0 |      48 | 100.0
     Bailey |       0 |    1851 | 100.0 |       0 |      26 | 100.0
      IceCv |       0 |       8 | 100.0 |       0 |       1 | 100.0
            +---------+---------+-------+---------+---------+-------
